[Event "Titled Tuesday Blitz October 31 Early 2023"]
[White "Spichkin, Alexander"]
[Black "Joshi, Pankaj"]
[WhiteFideId "4144074"]
[BlackFideId "5006210"]
[WhiteElo "2397"]
[BlackElo "2184"]
[Result "1-0"]
[Round "5"]
[TimeControl "180+1"]
[Date "2023.10.31"]
[WhiteClock "0:01:57"]
[BlackClock "0:02:01"]
[Board "152"]

1. f4 e6 2. Nf3 d5 3. e3 Nf6 4. b3 b6 5. Bb2 Bb7 6. Bd3 Nbd7 7. O-O Be7 8. Ne5 c5 9. Rf3 Qc7 10. Bb5 a6 11. Bxd7+ Nxd7 12. Nxd7 Qxd7 13. Bxg7 Rg8 14. Rg3 O-O-O 15. Nc3 d4 16. Na4 Qc6 17. exd4 Bf6 18. d5 Qxd5 19. Nxb6+ 1-0


[Site "https://www.chess.com"]

[Event "Titled Tuesday Blitz October 31 Early 2023"]
[White "EvgenyBurmakin"]
[Black "Mishra, Manoj"]
[BlackFideId "5006007"]
[WhiteElo "2389"]
[BlackElo "2179"]
[Result "0-1"]
[Round "5"]
[TimeControl "180+1"]
[Date "2023.10.31"]
[WhiteClock "0:00:09"]
[BlackClock "0:01:01"]
[Board "153"]

1. e4 c5 2. Nc3 d6 3. Nf3 Nf6 4. d4 cxd4 5. Nxd4 a6 6. Be3 Nbd7 7. f3 e6 8. Qd2 b5 9. a3 Bb7 10. O-O-O Be7 11. Be2 Qa5 12. Kb1 Rc8 13. g4 Nb6 14. Ncxb5 Qxd2 15. Rxd2 axb5 16. Nxb5 Rc6 17. Na7 Nc4 18. Rd4 Nxe3 19. Bb5 Kd7 20. g5 Nh5 21. Rg1 Nf4 22. Nxc6 Bxc6 23. Bxc6+ Kxc6 24. h4 Ne2 25. Rd3 Nxg1 26. Rxe3 h6 27. f4 hxg5 28. hxg5 Rh4 29. Re1 Nf3 30. Rf1 Rxf4 31. Ka2 Bxg5 32. a4 Rxe4 33. Rxf3 Rxa4+ 34. Kb3 Rf4 35. Rg3 Bf6 36. c3 g5 0-1


[Site "https://www.chess.com"]

[Event "Titled Tuesday Blitz October 31 Early 2023"]
[White "knightinshiningarmour16"]
[Black "UK_23"]
[WhiteElo "2175"]
[BlackElo "2388"]
[Result "0-1"]
[Round "5"]
[TimeControl "180+1"]
[Date "2023.10.31"]
[WhiteClock "0:00:10"]
[BlackClock "0:00:25"]
[Board "154"]

1. d4 d5 2. Nf3 Nf6 3. c4 e6 4. Nc3 Be7 5. Bg5 O-O 6. e3 b6 7. cxd5 Nxd5 8. Bxe7 Qxe7 9. Nxd5 exd5 10. Be2 c5 11. O-O Be6 12. Rc1 Rc8 13. Ne5 Qb7 14. Bd3 Nd7 15. Qh5 g6 16. Qh6 Nxe5 17. dxe5 Qd7 18. f4 Bf5 19. Be2 d4 20. Bf3 dxe3 21. Bxa8 Rxa8 22. h3 e2 23. Rfe1 Qd4+ 24. Kh2 Qf2 25. Qg5 Be4 26. Qg3 Qxg3+ 27. Kxg3 Bd3 28. Rc3 c4 29. Kf3 b5 30. b3 b4 31. Rcc1 c3 32. a3 a5 33. Kf2 Rd8 34. axb4 axb4 35. Ra1 Bb5 36. Ra5 Rb8 37. Rc1 h5 38. g4 h4 39. f5 gxf5 40. gxf5 Kf8 41. f6 Ke8 42. Rg1 Kd7 43. Ra7+ Ke6 44. Re7+ Kf5 45. Rxf7 Kxe5 46. Rg5+ Ke6 47. Rc7 Kxf6 48. Rg4 Bd3 49. Rxh4 Re8 50. Rf4+ Kg5 51. Ke1 Kxf4 52. Rf7+ Ke3 53. h4 Rg8 54. Re7+ Be4 55. Rxe4+ Kxe4 56. Kxe2 Rh8 57. h5 Rxh5 58. Kd1 Ra5 59. Kc1 Ra3 60. Kc2 Kd4 61. Kb1 Rxb3+ 62. Kc2 Ra3 63. Kc1 Kc4 64. Kb1 b3 65. Kc1 Kb4 66. Kb1 Ra8 67. Kc1 Rh8 68. Kd1 Ka3 69. Kc1 Rh1# 0-1


[Site "https://www.chess.com"]

[Event "Titled Tuesday Blitz October 31 Early 2023"]
[White "Tarnowska, Aleksandra"]
[Black "Kahlert, Thomas"]
[WhiteFideId "1180967"]
[BlackFideId "4625242"]
[WhiteElo "2153"]
[BlackElo "2386"]
[Result "0-1"]
[Round "5"]
[TimeControl "180+1"]
[Date "2023.10.31"]
[WhiteClock "0:00:00"]
[BlackClock "0:00:11"]
[Board "155"]

1. e4 e5 2. Nf3 Nc6 3. Bb5 a6 4. Ba4 Nf6 5. O-O Be7 6. c3 d6 7. Re1 O-O 8. h3 b5 9. Bc2 h6 10. d4 Re8 11. Nbd2 Bf8 12. Nf1 Bb7 13. Ng3 exd4 14. cxd4 Nb4 15. Bb1 c5 16. d5 c4 17. a3 Nd3 18. Bxd3 cxd3 19. Qxd3 Rc8 20. Be3 Nd7 21. Nf5 Nc5 22. Bxc5 dxc5 23. Rad1 c4 24. Qd2 Qf6 25. Qf4 Qxb2 26. Qg4 Qf6 27. e5 Qg6 28. Qf4 Rcd8 29. d6 c3 30. N5h4 Qe6 31. Nd4 Qc4 32. Qg3 c2 33. Nhf5 cxd1=Q 34. Rxd1 Kh7 35. Qh4 Bc8 36. Qh5 g6 37. Qf3 Rxe5 38. d7 Rxd7 39. Ng3 Rxd4 40. Rxd4 Qxd4 41. Qxf7+ Bg7 42. Kh2 Qd7 43. Qb3 Qe7 44. Qf3 Bb7 45. Qc3 Re1 0-1


[Site "https://www.chess.com"]

[Event "Titled Tuesday Blitz October 31 Early 2023"]
[White "Guevara Sanchez, Erick Marvin"]
[Black "MarijaKuznecova"]
[WhiteFideId "6700136"]
[WhiteElo "2129"]
[BlackElo "2382"]
[Result "0-1"]
[Round "5"]
[TimeControl "180+1"]
[Date "2023.10.31"]
[WhiteClock "0:00:00"]
[BlackClock "0:00:04"]
[Board "156"]

1. e4 c5 2. Nf3 d6 3. d4 cxd4 4. Nxd4 Nf6 5. Nc3 a6 6. Be2 e5 7. Nb3 Be6 8. f4 Be7 9. f5 Bxb3 10. axb3 b5 11. O-O Nc6 12. Bf3 Qc7 13. Be3 O-O 14. g4 b4 15. Nd5 Nxd5 16. Qxd5 h6 17. Rfd1 Rfc8 18. Rd2 a5 19. Kh1 Bg5 20. Bxg5 hxg5 21. Qxd6 Qxd6 22. Rxd6 Nd4 23. Bd1 Nxc2 24. Bxc2 Rxc2 25. Rd5 Rxb2 26. Rxe5 Rxb3 27. Rexa5 Rxa5 28. Rxa5 Ra3 29. Rb5 b3 30. Kg2 Ra2+ 31. Kg3 Rb2 32. h4 gxh4+ 33. Kxh4 Rb1 34. Kg5 b2 35. e5 Kh7 36. Rb7 Re1 37. Rxb2 Rxe5 38. Kf4 Ra5 39. Rh2+ Kg8 40. Rd2 Ra4+ 41. Kg5 Kh7 42. Rd7 f6+ 43. Kh4 Ra1 44. Rd3 Rh1+ 45. Kg3 Rg1+ 46. Kf4 Rf1+ 47. Ke4 Kh6 48. Rg3 Kg5 49. Rg2 Rf4+ 50. Kd5 Rxg4 51. Rf2 Rf4 52. Rg2+ Rg4 53. Rf2 Rg3 54. Rf4 Kxf4 55. Ke6 Re3+ 56. Kf7 Kxf5 0-1


[Site "https://www.chess.com"]

[Event "Titled Tuesday Blitz October 31 Early 2023"]
[White "Silvestre, Christian"]
[Black "Fernandez, Michael"]
[WhiteFideId "30956269"]
[BlackFideId "5803560"]
[WhiteElo "2100"]
[BlackElo "2380"]
[Result "0-1"]
[Round "5"]
[TimeControl "180+1"]
[Date "2023.10.31"]
[WhiteClock "0:00:00"]
[BlackClock "0:00:07"]
[Board "157"]

1. e4 c6 2. Nc3 d5 3. d3 dxe4 4. dxe4 Qxd1+ 5. Nxd1 e5 6. Bc4 Bb4+ 7. c3 Bc5 8. Be3 Nd7 9. Nf3 f6 10. a4 a5 11. O-O Ne7 12. Nh4 g5 13. Nf3 Kd8 14. Nd2 Kc7 15. Nb3 Bxe3 16. Nxe3 Nb6 17. Bd3 Rd8 18. Rfd1 Be6 19. Nc5 Bf7 20. Bc2 Nd7 21. Nxd7 Rxd7 22. Ng4 Ng8 23. Rxd7+ Kxd7 24. Kf1 Be6 25. Ne3 Ne7 26. Ke2 Kc7 27. Rd1 b5 28. axb5 cxb5 29. Bd3 b4 30. cxb4 axb4 31. Bc4 Bxc4+ 32. Nxc4 Nc6 33. Kf3 Nd4+ 34. Kg4 Kc6 35. Rc1 Kb5 36. Nd6+ Kb6 37. Nc4+ Kb5 38. Nd6+ Kb6 39. Nc4+ Kb7 40. Nd6+ Kb8 41. Rc8+ Ka7 42. Rxa8+ Kxa8 43. Ne8 Ne2 44. Nxf6 Nc1 45. Nd7 Nd3 46. Nb6+ Kb7 47. Nc4 Kc6 48. b3 Kc5 49. Kxg5 Kd4 50. f4 exf4 51. Kf5 Nc5 52. e5 Nxb3 53. Nb6 Kc5 54. e6 Nd4+ 55. Kf6 Nxe6 56. Na4+ Kb5 57. Kxe6 Kxa4 58. Kf5 b3 59. Kxf4 b2 0-1


[Site "https://www.chess.com"]

[Event "Titled Tuesday Blitz October 31 Early 2023"]
[White "Levine, David"]
[Black "Marcziter, Dmitrii"]
[WhiteFideId "2011611"]
[BlackFideId "13900765"]
[WhiteElo "2069"]
[BlackElo "2378"]
[Result "0-1"]
[Round "5"]
[TimeControl "180+1"]
[Date "2023.10.31"]
[WhiteClock "0:00:01"]
[BlackClock "0:01:43"]
[Board "158"]

1. d4 Nf6 2. c4 g6 3. g3 Bg7 4. Bg2 O-O 5. Nf3 d5 6. cxd5 Nxd5 7. O-O Nb6 8. Nc3 Nc6 9. e3 Re8 10. h3 Be6 11. Ng5 Bc4 12. Re1 e5 13. Bxc6 bxc6 14. Nf3 exd4 15. Nxd4 Qd7 16. Kh2 Rad8 17. Bd2 c5 18. Nf3 Nd5 19. Qc2 Nb4 20. Qd1 Nd3 21. Qc2 Nxe1 22. Bxe1 Bd3 23. Qb3 c4 24. Qa3 h6 25. Qa5 Qc6 26. Nd2 Re5 27. Kg1 Rxa5 0-1


[Site "https://www.chess.com"]

[Event "Titled Tuesday Blitz October 31 Early 2023"]
[White "Kovalevsky, Stanislav"]
[Black "Ghosh, Chanchal Kumer"]
[WhiteFideId "13508598"]
[BlackFideId "10201858"]
[WhiteElo "2377"]
[BlackElo "1966"]
[Result "1-0"]
[Round "5"]
[TimeControl "180+1"]
[Date "2023.10.31"]
[WhiteClock "0:00:30"]
[BlackClock "0:00:00"]
[Board "159"]

1. e4 c5 2. c3 d5 3. exd5 Qxd5 4. Nf3 Bg4 5. Be2 Nc6 6. d4 cxd4 7. cxd4 e6 8. Nc3 Bb4 9. O-O Bxc3 10. bxc3 Nf6 11. Ba3 Rd8 12. h3 Bh5 13. Re1 Ne4 14. c4 Qa5 15. Qc1 Nc3 16. d5 Nxe2+ 17. Rxe2 Bxf3 18. gxf3 Nd4 19. Re4 Nf5 20. dxe6 f6 21. Qb2 1-0


[Site "https://www.chess.com"]

[Event "Titled Tuesday Blitz October 31 Early 2023"]
[White "Pumpkin_in_moonlight"]
[Black "Lohani, Sujana"]
[BlackFideId "12311987"]
[WhiteElo "2345"]
[BlackElo "1965"]
[Result "1-0"]
[Round "5"]
[TimeControl "180+1"]
[Date "2023.10.31"]
[WhiteClock "0:00:06"]
[BlackClock "0:00:00"]
[Board "160"]

1. e4 c5 2. Nf3 Nc6 3. d4 cxd4 4. Nxd4 g6 5. Nc3 Bg7 6. Be3 Nf6 7. Be2 O-O 8. O-O d6 9. f4 e5 10. Ndb5 exf4 11. Bxf4 Re8 12. Nxd6 Re6 13. Nxc8 Rxc8 14. Qxd8+ Rxd8 15. Bf3 Nd4 16. Rad1 Ree8 17. e5 Nxf3+ 18. gxf3 Nh5 19. Bg5 Rxd1 20. Rxd1 Bxe5 21. Rd7 Rb8 22. Nd5 Kf8 23. b3 b5 24. Rxa7 Bd4+ 25. Be3 Bxe3+ 26. Nxe3 Nf4 27. Kf2 Ne6 28. Nd5 Nd4 29. c3 Nc2 30. Ke2 Rd8 31. Nf6 Rd6 32. Ne4 Re6 33. Ra8+ Kg7 34. Kd2 Na1 35. Kc1 f5 36. Nc5 Re1+ 37. Kb2 Rf1 38. Ra7+ 1-0


[Site "https://www.chess.com"]

[Event "Titled Tuesday Blitz October 31 Early 2023"]
[White "Bobomurodova, Maftuna"]
[Black "Mirza, Diana"]
[WhiteFideId "14207400"]
[BlackFideId "2503999"]
[WhiteElo "2330"]
[BlackElo "1954"]
[Result "1-0"]
[Round "5"]
[TimeControl "180+1"]
[Date "2023.10.31"]
[WhiteClock "0:01:44"]
[BlackClock "0:00:02"]
[Board "161"]

1. e4 c5 2. Nf3 e6 3. g3 Nc6 4. Bg2 Nf6 5. Qe2 Qc7 6. O-O Be7 7. c3 O-O 8. d4 cxd4 9. cxd4 d5 10. e5 Nd7 11. Nc3 a6 12. a4 b6 13. h4 Bb7 14. h5 Rac8 15. h6 f6 16. hxg7 Kxg7 17. exf6+ Bxf6 18. Qxe6 Nxd4 19. Nxd4 Bxd4 20. Qg4+ Kh8 21. Qxd4+ Nf6 22. Bg5 Qd6 23. Bf4 Qd7 24. Be5 Qf7 25. Nxd5 Bxd5 26. Bxd5 Qg6 27. Rac1 Rcd8 28. Rc6 Kg7 29. Rfc1 h5 30. Rc7+ Kh6 31. Bf4+ 1-0


[Site "https://www.chess.com"]

[Event "Titled Tuesday Blitz October 31 Early 2023"]
[White "Szente Varga, Fruzsina"]
[Black "IsaqueGoncalvesSanto"]
[WhiteFideId "712264"]
[WhiteElo "2325"]
[BlackElo "1802"]
[Result "1-0"]
[Round "5"]
[TimeControl "180+1"]
[Date "2023.10.31"]
[WhiteClock "0:00:13"]
[BlackClock "0:00:00"]
[Board "162"]

1. e4 e6 2. d4 d5 3. Nd2 Nf6 4. e5 Nfd7 5. f4 c5 6. c3 Nc6 7. Ngf3 f6 8. Bb5 cxd4 9. cxd4 Qb6 10. Bxc6 bxc6 11. O-O fxe5 12. fxe5 Nxe5 13. Nb3 Nd7 14. Ng5 Nf6 15. Rxf6 gxf6 16. Qh5+ Kd7 17. Qf7+ Be7 18. Qxe6+ Kd8 19. Nf7+ Ke8 20. Nd6+ Kd8 21. Nxc8 Rxc8 22. Bf4 c5 23. Qxd5+ Ke8 24. dxc5 Bxc5+ 25. Kh1 Be7 26. Re1 Rf8 27. Qh5+ Rf7 28. Qg4 Qc6 29. h3 Kf8 30. Bh6+ Ke8 31. Qg8+ Kd7 32. Qxf7 Qd6 33. Qxh7 1-0


[Site "https://www.chess.com"]

[Event "Titled Tuesday Blitz October 31 Early 2023"]
[White "Skiadopoulos, Nikolaos"]
[Black "Fominykh, Maria"]
[WhiteFideId "4200772"]
[BlackFideId "4142411"]
[WhiteElo "1795"]
[BlackElo "2261"]
[Result "0-1"]
[Round "5"]
[TimeControl "180+1"]
[Date "2023.10.31"]
[WhiteClock "0:00:00"]
[BlackClock "0:00:56"]
[Board "163"]

1. e4 d6 2. d4 Nf6 3. Nc3 e5 4. Nf3 Nbd7 5. Bc4 Be7 6. g4 Nxg4 7. Rg1 Nb6 8. Bb3 Bh4 9. Rg2 O-O 10. h3 Nxf2 11. Rxf2 Bxf2+ 12. Kxf2 exd4 13. Qxd4 c5 14. Qd3 Bxh3 15. Bf4 c4 16. Bxc4 Nxc4 17. Qxc4 Qb6+ 18. Be3 Qxb2 19. Rh1 Rac8 20. Qb3 Qxc3 21. Qxc3 Rxc3 22. Rxh3 Rxc2+ 23. Kg3 Rxa2 0-1


[Site "https://www.chess.com"]

[Event "Titled Tuesday Blitz October 31 Early 2023"]
[White "Kuchava, Ana"]
[Black "Vifleemskaia, Svetlana"]
[WhiteFideId "13605348"]
[BlackFideId "4129490"]
[WhiteElo "2231"]
[BlackElo "2257"]
[Result "1-0"]
[Round "5"]
[TimeControl "180+1"]
[Date "2023.10.31"]
[WhiteClock "0:00:09"]
[BlackClock "0:00:00"]
[Board "164"]

1. d4 Nf6 2. Nf3 d5 3. c4 dxc4 4. e3 a6 5. a4 Bg4 6. Bxc4 e6 7. O-O Bd6 8. Nc3 Nbd7 9. h3 Bh5 10. e4 e5 11. Qb3 O-O 12. Nxe5 Bxe5 13. dxe5 Nxe5 14. Bg5 Nxc4 15. Qxc4 h6 16. Bh4 g5 17. Bg3 c6 18. f3 Qe7 19. Rfd1 Rfd8 20. Qb3 b5 21. axb5 axb5 22. Rxa8 Rxa8 23. Bd6 Qe6 24. Qxe6 fxe6 25. Be5 Kf7 26. Kf2 Bg6 27. Ke3 h5 28. Rd6 Rc8 29. Ne2 c5 30. Nc3 b4 31. Nb5 Ke7 32. Rb6 Be8 33. Rb7+ Nd7 34. Nd6 Rc6 35. Nc4 Ra6 36. Bd6+ Kf6 37. Rc7 g4 38. hxg4 hxg4 39. Bxc5 Nxc5 40. Rxc5 gxf3 41. gxf3 Ba4 42. e5+ Kf5 43. Rc7 Rc6 44. Rxc6 Bxc6 45. f4 Bd5 46. Nd6+ Kg4 47. Nb5 Kg3 48. Nd4 Kg4 49. Nc2 b3 50. Nd4 Kg3 51. Nb5 Kg4 52. Nc3 Bc4 53. Kd4 Ba6 54. Na4 Kxf4 55. Nc5 Bc8 56. Nxb3 Kf5 57. Nc5 Kg6 58. b4 Kf7 59. b5 Ke7 60. b6 Bd7 61. b7 Bc6 62. b8=Q Bd5 63. Qd6+ 1-0


[Site "https://www.chess.com"]

[Event "Titled Tuesday Blitz October 31 Early 2023"]
[White "Zaichenko, Daria"]
[Black "Ehlvest, Jaan"]
[WhiteFideId "4197453"]
[BlackFideId "4500016"]
[WhiteElo "2250"]
[BlackElo "2649"]
[Result "0-1"]
[Round "5"]
[TimeControl "180+1"]
[Date "2023.10.31"]
[WhiteClock "0:01:35"]
[BlackClock "0:02:17"]
[Board "165"]

1. e4 g6 2. d4 Bg7 3. f4 d5 4. e5 c5 5. c3 Nc6 6. Nf3 Nh6 7. Bd3 O-O 8. O-O cxd4 9. cxd4 Bg4 10. Be3 f6 11. h3 Nf5 12. Bxf5 Bxf5 13. Nc3 Be4 14. Qb3 Na5 15. Qb4 Bxf3 16. Rxf3 fxe5 17. dxe5 e6 18. Bc5 Rf7 19. Nxd5 Nc6 20. Nf6+ Bxf6 21. Qb3 Be7 22. Rd1 Bxc5+ 0-1


[Site "https://www.chess.com"]

[Event "Titled Tuesday Blitz October 31 Early 2023"]
[White "campochess"]
[Black "Yelisieiev, Yevhenii"]
[BlackFideId "14139642"]
[WhiteElo "2182"]
[BlackElo "2611"]
[Result "0-1"]
[Round "5"]
[TimeControl "180+1"]
[Date "2023.10.31"]
[WhiteClock "0:00:16"]
[BlackClock "0:00:45"]
[Board "166"]

1. d4 f5 2. Bg5 g6 3. Nc3 Bg7 4. e4 d6 5. exf5 Bxf5 6. Nf3 Nf6 7. Bd3 Qd7 8. Qe2 O-O 9. O-O-O Nc6 10. Rhe1 Rae8 11. Bxf5 Qxf5 12. Qe6+ Qxe6 13. Rxe6 Nh5 14. Nd5 Nf6 15. Nxc7 Rc8 16. Bxf6 Bxf6 17. Nd5 Kf7 18. Rde1 Nxd4 19. Nxd4 Bxd4 20. Rxe7+ Kg8 21. c3 Rxf2 22. R7e2 Rc5 23. Ne7+ Kf7 24. Kb1 Rxe2 25. Rxe2 Be5 26. b4 Rxc3 27. Nd5 Rd3 28. Nc7 a6 29. Na8 Bxh2 30. Nb6 h5 31. Nc4 g5 32. Kc2 Rd4 33. Kb3 b5 34. Nd2 g4 35. Ne4 Be5 36. a4 h4 37. axb5 axb5 38. Nf2 h3 39. gxh3 gxh3 40. Nh1 h2 41. Nf2 Rd1 42. Re3 h1=Q 43. Nxh1 Rxh1 44. Kc2 Ke6 45. Kd3 Rb1 46. Re4 Kd5 47. Rg4 Rb3+ 48. Kc2 Rc3+ 49. Kd2 Rc4 0-1


[Site "https://www.chess.com"]

[Event "Titled Tuesday Blitz October 31 Early 2023"]
[White "Iskusnyh, Sergei"]
[Black "Pinales Roussel, Gabriel"]
[WhiteFideId "4120027"]
[BlackFideId "3101762"]
[WhiteElo "2569"]
[BlackElo "2180"]
[Result "1-0"]
[Round "5"]
[TimeControl "180+1"]
[Date "2023.10.31"]
[WhiteClock "0:00:53"]
[BlackClock "0:00:11"]
[Board "167"]

1. d4 c5 2. d5 e5 3. e4 d6 4. Nc3 Be7 5. Be3 a6 6. a4 Bg5 7. Qd2 Bxe3 8. Qxe3 Ne7 9. Be2 Ng6 10. g3 h5 11. h4 Qf6 12. Kf1 Nd7 13. a5 b5 14. axb6 Nxb6 15. b4 Nd7 16. Nb5 Kd8 17. Qa3 Bb7 18. Qa5+ Ke7 19. Nc7 Rac8 20. Nxa6 cxb4 21. Qxb4 Rxc2 22. Qxb7 Rhc8 23. Nh3 Rxe2 24. Kxe2 Rc2+ 25. Kf1 Qxf2+ 26. Nxf2 1-0


[Site "https://www.chess.com"]

[Event "Titled Tuesday Blitz October 31 Early 2023"]
[White "Mirzanurov, Bulat"]
[Black "Aggelis, Nikolaos"]
[WhiteFideId "4184521"]
[BlackFideId "4213220"]
[WhiteElo "2175"]
[BlackElo "2451"]
[Result "1-0"]
[Round "5"]
[TimeControl "180+1"]
[Date "2023.10.31"]
[WhiteClock "0:00:23"]
[BlackClock "0:01:45"]
[Board "168"]

1. e4 c6 2. d4 d5 3. e5 c5 4. dxc5 e6 5. Bd3 Bxc5 6. Qg4 Bf8 7. Qe2 Ne7 8. Nf3 Nbc6 9. Bg5 Qc7 10. O-O Ng6 11. Re1 Be7 12. Bxe7 Qxe7 13. g3 O-O 14. h4 Qb4 15. h5 Nge7 16. Nbd2 h6 17. Nb3 Qg4 18. Nfd4 Nxd4 19. Qxg4 Ndc6 20. f4 Bd7 21. Nc5 Bc8 22. c3 b6 23. Nb3 Kh8 24. Nd4 Nxd4 25. cxd4 Nc6 26. f5 exf5 27. Qf4 Be6 28. Rac1 Rac8 29. Rc2 Nb4 30. Rxc8 Rxc8 31. Bxf5 Rc4 32. Bxe6 fxe6 33. Rc1 Nc2 34. Qf2 Nb4 35. Rxc4 dxc4 36. Qf8+ Kh7 37. Qxb4 b5 38. Qxb5 g6 39. Qxc4 gxh5 40. Qxe6 Kg7 41. Qf6+ Kh7 42. e6 Kg8 43. e7 Kh7 44. e8=Q h4 45. Qeh8# 1-0


[Site "https://www.chess.com"]

[Event "Titled Tuesday Blitz October 31 Early 2023"]
[White "Floresvillar Gonzalez, Luis Migu"]
[Black "Shishkov, Andrei"]
[WhiteFideId "5100542"]
[BlackFideId "4500563"]
[WhiteElo "2171"]
[BlackElo "2427"]
[Result "0-1"]
[Round "5"]
[TimeControl "180+1"]
[Date "2023.10.31"]
[WhiteClock "0:00:00"]
[BlackClock "0:00:03"]
[Board "169"]

1. d4 Nf6 2. c3 d5 3. Bg5 Bf5 4. Bxf6 gxf6 5. Qb3 b6 6. e3 e6 7. Bb5+ c6 8. Be2 Bd6 9. f4 c5 10. Nd2 c4 11. Qd1 Rg8 12. Bf3 Bd3 13. b3 b5 14. a4 b4 15. Nxc4 dxc4 16. Bxa8 bxc3 17. bxc4 Bxc4 18. Ne2 Bb4 19. O-O Nd7 20. Bf3 Qa5 21. Qc2 f5 22. Rfc1 Bd5 23. Bxd5 Qxd5 24. Ng3 a5 25. Ra2 Nb6 26. Qe2 Nc4 27. Rac2 h5 28. Rxc3 Bxc3 29. Rxc3 Nd6 30. Rc5 Qb3 31. Rxa5 Ke7 32. Ra7+ Kf6 33. Nxh5+ Kg6 34. Ng3 Kf6 35. Nh5+ Kg6 36. Ng3 Kf6 37. Ra5 Qb1+ 38. Nf1 Ne4 39. Re5 Rc8 40. g4 Rc2 41. g5+ Kg6 42. Qf3 Rf2 43. Qxf2 Nxf2 44. Kxf2 Qc2+ 45. Kf3 Qxa4 46. h4 Qd1+ 47. Kf2 Qc2+ 48. Kf3 Qd1+ 49. Kf2 Kh5 50. Ng3+ Kg4 51. Ne2 Qh1 52. h5 Qf3+ 53. Ke1 Kxh5 54. Kd2 Kg4 55. Rc5 Qa8 56. Re5 Kf3 0-1


[Site "https://www.chess.com"]

[Event "Titled Tuesday Blitz October 31 Early 2023"]
[White "Todorovic, Bojan"]
[Black "Ferrufino, Boris"]
[WhiteFideId "917087"]
[BlackFideId "3300170"]
[WhiteElo "2420"]
[BlackElo "2166"]
[Result "1/2-1/2"]
[Round "5"]
[TimeControl "180+1"]
[Date "2023.10.31"]
[WhiteClock "0:00:04"]
[BlackClock "0:01:26"]
[Board "170"]

1. Nf3 c5 2. g3 Nc6 3. Bg2 e5 4. d3 g6 5. O-O Bg7 6. c4 Nge7 7. Nc3 d6 8. Bd2 O-O 9. a3 a5 10. Rb1 h6 11. Na4 Be6 12. Ne1 b6 13. Nc2 d5 14. Ne3 Rb8 15. cxd5 Nxd5 16. Nxd5 Bxd5 17. Bxd5 Qxd5 18. b4 axb4 19. axb4 Nd4 20. Nc3 Qe6 21. e3 Nc6 22. bxc5 bxc5 23. Ne4 Qd5 24. Qc2 Nb4 25. Qxc5 Qxd3 26. Rxb4 Rxb4 27. Qxb4 Rd8 28. Bc3 h5 29. h4 Rc8 30. Nd6 Rxc3 31. Qb8+ Bf8 32. Ne8 Qf5 33. Qd8 Rc8 34. Nf6+ Kg7 35. Ne8+ Kh8 36. Qf6+ Qxf6 37. Nxf6 Kg7 38. Ne4 f5 39. Ng5 Be7 40. Rd1 Bxg5 41. hxg5 Rc7 42. Rd6 Re7 43. Kg2 Kf7 44. Kf3 Re6 45. Rd7+ Re7 46. Rd6 Re6 47. Rd7+ Re7 48. Rd6 1/2-1/2


[Site "https://www.chess.com"]

[Event "Titled Tuesday Blitz October 31 Early 2023"]
[White "kingapolak"]
[Black "Davidson, Kevin"]
[BlackFideId "2056810"]
[WhiteElo "2161"]
[BlackElo "2405"]
[Result "0-1"]
[Round "5"]
[TimeControl "180+1"]
[Date "2023.10.31"]
[WhiteClock "0:00:03"]
[BlackClock "0:00:08"]
[Board "171"]

1. e4 c5 2. Nf3 d6 3. d4 cxd4 4. Nxd4 Nf6 5. Nc3 a6 6. f3 e5 7. Nb3 Be6 8. Be3 Be7 9. Qd2 O-O 10. O-O-O Nbd7 11. g4 b5 12. g5 b4 13. Ne2 Ne8 14. h4 a5 15. Kb1 Nc7 16. Ng3 a4 17. Nc1 d5 18. exd5 Nxd5 19. Ne4 Nxe3 20. Qxe3 Qb6 21. Qxb6 Nxb6 22. Nd3 Rfd8 23. Be2 Rac8 24. Nxe5 Rxd1+ 25. Rxd1 f6 26. gxf6 gxf6 27. Nd3 Nd5 28. f4 Ne3 29. Rc1 Bf5 30. Ng3 Bg6 31. f5 Bf7 32. h5 Kg7 33. Bf3 Kh6 34. c3 bxc3 35. Rxc3 Rxc3 36. bxc3 Bd6 37. Ne4 Be5 38. Nxe5 fxe5 39. Ng3 Kg5 40. Kc1 Kf4 41. Ne4 Bxa2 42. Bh1 Nxf5 43. Kb2 Bd5 44. Ka3 Bxe4 45. Bxe4 Kxe4 46. Kxa4 Kd5 47. Kb4 e4 48. c4+ Kc6 49. c5 h6 50. Kc4 e3 51. Kd3 Kxc5 52. Ke2 Kd4 53. Kf3 Kd3 54. Kf4 e2 55. Kxf5 e1=Q 56. Kg6 Qg3+ 57. Kxh6 Ke4 58. Kh7 Kf5 59. h6 Kf6 60. Kh8 Kf7 61. Kh7 Qg8# 0-1


[Site "https://www.chess.com"]

[Event "Titled Tuesday Blitz October 31 Early 2023"]
[White "Todev, Simeon"]
[Black "Fernandez Hernandez, Gerardo"]
[WhiteFideId "2925133"]
[BlackFideId "2207400"]
[WhiteElo "2361"]
[BlackElo "2149"]
[Result "1-0"]
[Round "5"]
[TimeControl "180+1"]
[Date "2023.10.31"]
[WhiteClock "0:01:30"]
[BlackClock "0:00:24"]
[Board "172"]

1. e4 e6 2. Nc3 d5 3. exd5 exd5 4. Nf3 Nf6 5. d4 Bb4 6. Bd3 Bg4 7. O-O O-O 8. Bg5 Bxc3 9. bxc3 Qd6 10. h3 Bh5 11. Re1 Nbd7 12. g4 Bg6 13. Ne5 Bxd3 14. Qxd3 c6 15. Qf5 g6 16. Qf4 Rfe8 17. Nxd7 Qxf4 18. Nxf6+ Kg7 19. Nxe8+ Rxe8 20. Bxf4 1-0


[Site "https://www.chess.com"]

[Event "Titled Tuesday Blitz October 31 Early 2023"]
[White "Pavlidou, Ekaterini"]
[Black "Feliz Dotel, Dewar Bienvenido"]
[WhiteFideId "4213262"]
[BlackFideId "6402801"]
[WhiteElo "2340"]
[BlackElo "2127"]
[Result "0-1"]
[Round "5"]
[TimeControl "180+1"]
[Date "2023.10.31"]
[WhiteClock "0:00:03"]
[BlackClock "0:00:12"]
[Board "173"]

1. d4 Nf6 2. c4 e6 3. Nc3 d5 4. cxd5 Nxd5 5. e4 Nxc3 6. bxc3 c5 7. Rb1 cxd4 8. cxd4 Qa5+ 9. Qd2 Qc7 10. Bb5+ Bd7 11. a4 a6 12. Bxd7+ Nxd7 13. a5 Be7 14. Ne2 O-O 15. O-O Rfd8 16. Bb2 Nf6 17. f3 b5 18. Rfc1 Qd7 19. Rc2 Rac8 20. Rbc1 Rxc2 21. Rxc2 Rc8 22. Nc1 h6 23. Nb3 Rxc2 24. Qxc2 Bb4 25. Kf2 Ne8 26. Nc5 Qc8 27. g3 Nd6 28. Bc1 Nc4 29. Nb3 Qd8 30. Bf4 Bxa5 31. Nxa5 Qxa5 32. d5 Qb6+ 33. Kg2 exd5 34. exd5 Qd4 35. Qe2 Qxd5 36. Qe8+ Kh7 37. Qe2 g6 38. Bc1 Qe5 39. Qc2 Ne3+ 40. Bxe3 Qxe3 41. Qc6 Qe6 42. Qb7 h5 43. h4 Kg7 44. Kf2 Qf6 45. Qb8 Qd4+ 46. Kg2 b4 47. Qb7 Qc3 48. Qxa6 b3 49. Qb5 b2 50. Kh3 Qc8+ 51. g4 Qc3 52. gxh5 Qxf3+ 53. Kh2 Qf4+ 54. Kh3 Qf5+ 0-1


[Site "https://www.chess.com"]

[Event "Titled Tuesday Blitz October 31 Early 2023"]
[White "Dishman, Stephen"]
[Black "dontcatchmeifyoucant"]
[WhiteFideId "403024"]
[WhiteElo "2337"]
[BlackElo "2097"]
[Result "1-0"]
[Round "5"]
[TimeControl "180+1"]
[Date "2023.10.31"]
[WhiteClock "0:00:53"]
[BlackClock "0:00:00"]
[Board "175"]

1. c4 e5 2. g3 Nf6 3. Bg2 d5 4. cxd5 Nxd5 5. Nc3 Nb6 6. Nf3 Nc6 7. O-O Be7 8. d3 O-O 9. Be3 f6 10. a3 Nd4 11. b4 c6 12. Rb1 Bg4 13. Nd2 Qd7 14. Re1 Bh3 15. Bh1 Kh8 16. Nde4 Qc7 17. Nc5 f5 18. N3a4 Nxa4 19. Qxa4 Ne6 20. Nxe6 Qd6 21. Nxf8 Rxf8 22. Bc5 Qf6 23. Bxe7 Qxe7 24. Qxa7 f4 25. Bf3 fxg3 26. hxg3 Qf6 27. Qe3 Bf5 28. b5 c5 29. Qxc5 e4 30. dxe4 Be6 31. e5 Qf5 32. Rbc1 h5 33. Qd4 Qg5 34. Qh4 Qh6 35. Qe7 Rg8 36. Rc7 g5 37. Qf6+ Qxf6 38. exf6 h4 39. Re7 g4 40. Rxe6 gxf3 41. exf3 hxg3 42. fxg3 Rxg3+ 43. Kf2 Rh3 44. Kg2 Rh6 45. f7 1-0


[Site "https://www.chess.com"]